 Dungeon Crawl Stone Soup version 0.27-a0-1122-g2a214b436d (webtiles) character file.

Game seed: 7339524214396736120

3430 Froggeryz the Covert (level 9, -1/54 HPs)
             Began as a Vampire Ice Elementalist on May 3, 2021.
             Was a Believer of Cheibriados.
             Slain by Joseph
             ... wielding a +4 vorpal quarterstaff
              (3 damage)
             ... on level 7 of the Dungeon.
             The game lasted 00:20:06 (9962 turns).

Froggeryz the Covert (Vampire Ice Elementalist)     Turns: 9962, Time: 00:20:06

Health: -1/54      AC: 12    Str: 14    XL:     9   Next: 76%
Magic:  13/21      EV: 13    Int: 25    God:    Cheibriados [**....]
Gold:   482        SH:  0    Dex: 21    Spells: 5/12 levels left

rFire    . . .     SeeInvis +     - Unarmed
rCold    + + .     Faith    .   (no shield)
rNeg     + + +     Spirit   .   a - +0 robe
rPois    ∞         Reflect  .   k - +0 helmet
rElec    .         Harm     .   i - +0 cloak
rCorr    +         Rampage  .   (no gloves)
Will     .....                  (no boots)
Stlth    +++++++...             (no amulet)
HPRegen  0.00/turn              b - ring of magical power
MPRegen  0.17/turn              t - ring of resist corrosion

@: ice-armoured, freezing walls, bloodless, very slow
A: bloodless, fangs 3, see invisible, unbreathing 1, vampiric 2
a: Bat Form, Revivify, Renounce Religion, Bend Time


You were on level 7 of the Dungeon.
You worshipped Cheibriados.
Cheibriados was pleased with you.
You visited 1 branch of the dungeon, and saw 7 of its levels.
You also visited: Sewer.

You collected 482 gold pieces.

Inventory:

Hand Weapons
 c - a +2 dagger of draining
 r - a +2 rapier of freezing
Missiles
 m - 2 throwing nets
Armour
 a - a +0 robe (worn)
 i - a +0 cloak (worn)
 k - a +0 helmet (worn)
Jewellery
 b - a ring of magical power (left hand)
 t - a ring of resist corrosion (right hand)
Wands
 e - a wand of flame (33)
 o - a wand of polymorph (5)
 s - a wand of paralysis (7)
Scrolls
 j - a scroll of immolation
 q - 2 scrolls of enchant weapon
 w - 2 scrolls of identify
 x - a scroll of amnesia
Potions
 d - 3 potions of flight
 f - 2 potions of might
 g - a potion of haste {unknown}
 h - a potion of heal wounds
 l - 3 potions of curing {unknown}
 n - a potion of magic {unknown}
 p - a potion of brilliance {unknown}
 u - 2 potions of degeneration {unknown}
 v - 2 potions of cancellation {unknown}


   Skills:
 - Level 5.2 Fighting
 + Level 2.0 Armour
 - Level 2.1 Dodging
 * Level 11.0 Stealth
 * Level 8.1 Unarmed Combat
 - Level 2.0 Spellcasting
 - Level 8.1 Ice Magic


You had 5 spell levels left.
You knew the following spells:

 Your Spells              Type           Power      Damage    Failure   Level
a - Freeze                Ice            100%       1d11      1%          1
b - Frozen Ramparts       Ice            86%        1d10      1%          3
c - Ozocubu's Armour      Ice            43%        N/A       1%          3

Your spell library contained the following spells:

 Spells                   Type           Power      Damage    Failure   Level
 Beastly Appendage        Tmut           4%         N/A       11%         1
 Wereblood                Tmut           2%         N/A       17%         2
 Hailstorm                Conj/Ice       22%        3d7       22%         4
 Ice Form                 Ice/Tmut       22%        N/A       22%         4
 Spider Form              Tmut/Pois      1%         N/A       32%         3
 Metabolic Englaciation   Hex/Ice        11%        N/A       52%         5
 Hydra Form               Tmut           1%         N/A       97%         5


Dungeon Overview and Level Annotations

Branches:
Dungeon (7/15)             Temple (0/1) D:5           Sewer (visited)

Altars:
Cheibriados
Nemelex Xobeh
Sif Muna
Wu Jian
Yredelemnul

Annotations:
D:3 1 runed translucent door, Grinder
D:7 Joseph


Innate Abilities, Weirdness & Mutations

You do not regenerate when monsters are visible.
You are frail without blood (-20% HP).
You can heal yourself when you bite living creatures.
You are immune to poison.
You have razor-sharp teeth.
You have supernaturally acute eyesight. (SInv)
You can survive without breathing.
You are afflicted with vampirism and can become a bat while bloodless.


Message History

Casting: Frozen Ramparts (safe; 1% risk of failure)
Press: ? - help, Dir - look around, f - activate The walls around you are covered in ice.
The wall freezes Joseph!
Joseph shoots a sling bullet.
The sling bullet hits you!
Unknown command.
Aiming: Throw Flame
Press: ? - help, Shift-Dir - straight line, f - Joseph
Aim: Joseph, wielding a +0 hunting sling, wearing a +0 leather armour of positive energy and quivering sling bullets (moderately wounded, 68% to hit)
The puff of flame hits Joseph but does no damage.
Joseph is moderately wounded.
The wall freezes Joseph!
Joseph shoots a sling bullet.
The sling bullet misses you.
Aiming: Throw Flame
Press: ? - help, Shift-Dir - straight line, f/p - Joseph
Aim: Joseph, wielding a +0 hunting sling, wearing a +0 leather armour of positive energy and quivering sling bullets (heavily wounded, 68% to hit)
The puff of flame misses Joseph.
The wall freezes Joseph!
Joseph shoots a sling bullet.
The sling bullet hits you!
Unknown command.
Aiming: Throw Flame
Press: ? - help, Shift-Dir - straight line, f/p - Joseph
Aim: Joseph, wielding a +0 hunting sling, wearing a +0 leather armour of positive energy and quivering sling bullets (heavily wounded, 68% to hit)
The puff of flame hits Joseph.
Joseph is severely wounded.
The wall freezes Joseph!
Joseph shoots a sling bullet.
The sling bullet misses you.
Aiming: Throw Flame
Press: ? - help, Shift-Dir - straight line, f/p - Joseph
Aim: Joseph, wielding a +0 hunting sling, wearing a +0 leather armour of positive energy and quivering sling bullets (severely wounded, 68% to hit)
The puff of flame hits Joseph.
Joseph is severely wounded.
The wall freezes Joseph.
You are too injured to fight recklessly!
You completely miss Joseph. You bite Joseph, but do no damage.
Joseph is almost dead.
The wall freezes Joseph!
Joseph unwields a +0 hunting sling.
Joseph wields a +4 vorpal quarterstaff.
Joseph hits you with a +4 vorpal quarterstaff!
* * * LOW HITPOINT WARNING * * *
You die...

#######################
.#>.........#..........
.#..........#...........
.#..........#...........
.#..........#..........
.#..........#.....# '###
.##.........#.....#.....
###...##....'..)@@'.....
.##...##'#######+##.....
..#...#.................
..#..<'.................
..#...#..........@......
#######.................
........................
.......................>
.......#####............


You could see Joseph.

Vanquished Creatures
  A shadow (D:6)
  A yak (D:5)
  A wyvern (D:7)
  A human (D:6)
  2 water moccasins
  An orc warrior (D:7)
  An ice beast (D:7)
  A black bear (D:5)
  4 ogres
  A necrophage (D:5)
  2 centaurs
  A kobold brigand (Sewer)
  Blork the orc (D:4)
  A bullfrog (D:5)
  A wyvern zombie (D:6)
  A gnoll sergeant (D:5)
  3 scorpions
  5 killer bees (D:7)
  2 howler monkeys
  A bullfrog zombie (D:5)
  2 jellies
  2 orc priests
  A centaur skeleton (D:6)
  3 hounds
  Crazy Yiuf (D:2)
  Jessica (D:2)
  4 orc wizards
  Terence (D:3)
  3 iguanas
  A hound zombie (D:5)
  3 howler monkey zombies (D:6)
  Robin (D:3)
  7 adders
  13 gnolls
  3 river rats (Sewer)
  3 white imps
  3 adder skeletons (D:4)
  4 worms
  2 dart slugs
  32 orcs
  3 bats (D:2)
  5 endoplasms
  6 giant cockroaches
  11 goblins
  12 hobgoblins
  9 jackals
  13 kobolds
  4 quokkas
  3 ball pythons
  3 frilled lizards
  A goblin skeleton (D:6)
  A kobold skeleton (D:6)
  6 rats
199 creatures vanquished.

Notes
Turn   | Place    | Note
-------+----------+-------------------------------------------
     0 | D:1      | Froggeryz the Vampire Ice Elementalist began the quest for
                  | the Orb.
     0 | D:1      | Reached XP level 1. HP: 13/13 MP: 3/3
   384 | D:1      | Reached XP level 2. HP: 15/15 MP: 1/5
   830 | D:1      | Found a faded altar of an unknown god.
  1283 | D:2      | Reached skill level 5 in Ice Magic
  1361 | D:2      | Gained mutation: You are afflicted with vampirism and can
                  | become a bat while bloodless. [Vampire growth]
  1361 | D:2      | Reached XP level 3. HP: 19/19 MP: 3/6
  2075 | D:2      | Noticed Jessica
  2077 | D:2      | Killed Jessica
  2078 | D:2      | Reached XP level 4. HP: 24/24 MP: 5/7
  2900 | D:2      | Reached skill level 1 in Fighting
  3206 | D:2      | Found a runed translucent door.
  3207 | D:2      | Noticed Crazy Yiuf
  3235 | D:2      | Learned a level 3 spell: Frozen Ramparts
  3240 | D:2      | Killed Crazy Yiuf
  3241 | D:2      | Reached XP level 5. HP: 29/29 MP: 2/8
  3301 | D:3      | Noticed Terence
  3311 | D:3      | Killed Terence
  3559 | D:3      | Learned a level 3 spell: Ozocubu's Armour
  3687 | D:3      | Noticed Robin
  3704 | D:3      | Killed Robin
  3920 | D:3      | Noticed Grinder
  4130 | D:3      | Found a runed translucent door.
  4202 | D:4      | Noticed an ogre
  4208 | D:4      | Killed an ogre
  4209 | D:4      | Reached XP level 6. HP: 30/36 MP: 0/9
  4509 | D:4      | Noticed Blork the orc
  4595 | D:4      | Found a glowing drain.
  4613 | Sewer    | Entered a sewer
  5305 | Sewer    | Reached XP level 7. HP: 39/41 MP: 10/10
  5504 | D:4      | Killed Blork the orc
  5882 | D:5      | Entered Level 5 of the Dungeon
  5911 | D:5      | Reached skill level 1 in Unarmed Combat
  5967 | D:5      | Found a snail-covered altar of Cheibriados.
  6529 | D:5      | Became a worshipper of Cheibriados the Contemplative
  6724 | D:5      | Found a staircase to the Ecumenical Temple.
  6737 | D:5      | Reached skill level 4 in Stealth
  6739 | D:5      | Reached XP level 8. HP: 30/48 MP: 11/11
  7087 | D:5      | Reached skill level 5 in Stealth
  7090 | D:5      | Reached skill level 6 in Stealth
  7292 | D:5      | Reached * piety under Cheibriados
  7293 | D:5      | Reached skill level 5 in Unarmed Combat
  7510 | D:6      | Reached skill level 7 in Stealth
  7974 | D:6      | Reached skill level 8 in Stealth
  8203 | D:6      | Found a runed translucent door.
  8206 | D:6      | Found a basalt altar of Yredelemnul.
  8222 | D:6      | Reached XP level 9. HP: 51/53 MP: 12/12
  8283 | D:6      | Reached skill level 5 in Fighting
  8445 | D:6      | Reached ** piety under Cheibriados
  8456 | D:6      | Reached skill level 9 in Stealth
  8611 | D:7      | Found an ornate altar of the Wu Jian Council.
  8927 | D:7      | Reached skill level 1 in Armour
  9136 | D:7      | Reached skill level 10 in Stealth
  9721 | D:7      | Found a sparkling altar of Nemelex Xobeh.
  9745 | D:7      | Found a shimmering blue altar of Sif Muna.
  9947 | D:7      | Noticed Joseph
  9951 | D:7      | Reached skill level 11 in Stealth
  9962 | D:7      | HP: 2/54 [Joseph/+4 vorpal quarterstaff (16)]
  9962 | D:7      | Slain by Joseph

Illustrated notes

Levels and vault maps discovered:
D:1:      amcnicky_arrival_single_pillar, layout_loops_ring,
          shapermc_ecumenical_altar_mp_vishouse, minmay_misc_feat_five,
          kennysheep_nondescript
D:2:      layout_loops_ring, uniq_jessica, uniq_crazy_yiuf_cottage
D:3:      layout_rooms, ebering_ghost_sewer_d, uniq_grinder, uniq_terence,
          uniq_robin
D:4:      layout_basic, gup_sewer_entry_glass, uniq_blork_the_orc
D:5:      layout_basic, kennysheep_slug_shrine, minmay_temple_entry_ruins,
          hex_medium, hex_large, minmay_fractal_squares_gapless_5
D:6:      minmay_chambers_of_sixes, layout_rooms, dk_yredelemnul_ordeal
D:7:      layout_gridville, nemelex_xobeh_ov_fountains_minmay,
          lemuel_crystal_altar, kennysheep_mini, minmay_misc_feat_encased,
          uniq_joseph

Skill      XL: |  1  2  3  4  5  6  7  8  9 |
---------------+----------------------------+-----
Ice Magic      | 5 6 7 8 |  8.1
Fighting       | 1 2 3 4 5 |  5.2
Unarmed Combat | 3 6 8 |  8.1
Stealth        | 4 8 11 | 11.0
Armour         | 2 |  2.0
Dodging        | |  2.1
Spellcasting   | |  2.0

Action                   |  1- 3 |  4- 6 |  7- 9 || total
-------------------------+-------+-------+-------++-------
Melee: Unarmed           |     5 |    43 |    69 ||   117
       Bite              |     1 |     8 |    33 ||    42
       Dagger            |       |    29 |   149 ||   178
       Rapier            |       |       |    66 ||    66
       Punch             |       |       |     6 ||     6
 Cast: Freeze            |    46 |    52 |     8 ||   106
       Frozen Ramparts   |       |    18 |    23 ||    41
       Ozocubu's Armour  |       |     3 |    19 ||    22
 Abil: Exsanguinate      |     1 |       |       ||     1
Evoke: Wand              |       |       |    11 ||    11
  Use: Scroll            |       |     5 |     8 ||    13
       Potion            |       |       |     2 ||     2
 Stab: Sleeping          |       |     2 |    17 ||    19
       Distracted        |       |     1 |       ||     1
       Paralysed         |       |       |     3 ||     3
Armor: Robe              |     7 |    18 |    93 ||   118
Dodge: Dodged            |    20 |   119 |   188 ||   327

Table legend: (Time is in decaauts)
 A = Elapsed time spent in this place.
 B = Non-inter-level travel time spent in this place.
 C = Inter-level travel time spent in this place.
 D = Time resting spent in this place.
 E = Time spent auto-exploring this place.
 F = Levels seen in this place.
 G = Mean time per level.
                   A        B        C        D        E       F      G
               +--------+--------+--------+--------+--------+-----+--------+
         Total |  10552 |  10243 |    309 |   2048 |   5715 |   8 | 1319.0 |
       Dungeon |   9754 |   9445 |    309 |   1776 |   5619 |   7 | 1393.4 |
         Sewer |    798 |    798 |      0 |    272 |     95 |   1 |  798.0 |
               +--------+--------+--------+--------+--------+-----+--------+

Top non-repeatable levels by time:
     D:2: 1738 daAuts
     D:7: 1600 daAuts
     D:5: 1556 daAuts
     D:1: 1556 daAuts
     D:6: 1463 daAuts
     D:3: 934 daAuts
     D:4: 904 daAuts
   Sewer: 798 daAuts
